 Dungeon Crawl Stone Soup version 0.19.1 (webtiles) character file.

24 muxecoid the Bolt Thrower (level 2, -1/24 HPs)
             Began as a Centaur Hunter on Dec 10, 2016.
             Slain by a goblin
             ... wielding a +0 mace
              (6 damage)
             ... on level 1 of the Dungeon.
             The game lasted 00:02:59 (965 turns).

muxecoid the Bolt Thrower (Centaur Hunter)           Turns: 965, Time: 00:02:59

Health: -1/24      AC:  4    Str: 14    XL:     2   Next: 79%
Magic:  11/11      EV:  9    Int: 10    God:
Gold:   26         SH:  0    Dex:  9    Spells: 0 memorised, 1 level left

rFire  . . .     SeeInvis .     a - +1 hand crossbow
rCold  . . .     Gourm    .     c - +0 leather armour
rNeg   . . .     Faith    .     (no shield)
rPois  .         Spirit   .     (no helmet)
rElec  .         Reflect  .     (no cloak)
rCorr  .         Harm     .     (no gloves)
MR     .....                    (no barding)
Stlth  +.........               (no amulet)
                                (no ring)
                                h - ring of magical power

@: very quick
A: hooves 3, deformed body, speed 2, tough skin 3
a: no special abilities


You were on level 1 of the Dungeon.
You were not hungry.

You visited 1 branch of the dungeon, and saw 1 of its levels.

You collected 26 gold pieces.

Inventory:

Hand Weapons
 a - a +1 hand crossbow (weapon)
 b - a +0 short sword
Missiles
 d - 13 bolts (quivered)
 g - 2 javelins
Armour
 c - a +0 leather armour (worn)
Jewellery
 h - a ring of magical power (left hand)
Scrolls
 k - a scroll of random uselessness {unknown}
 l - a scroll of teleportation {unknown}
Potions
 e - a potion of ambrosia {unknown}
 j - a potion of berserk rage {unknown}
Comestibles
 f - a bread ration
 i - a meat ration


   Skills:
 + Level 2.2 Fighting
 + Level 0.8 Short Blades
 + Level 4.8 Crossbows
 + Level 0.2 Armour
 + Level 1.5 Dodging
 + Level 0.4 Stealth


You had one spell level left.
You didn't know any spells.

Dungeon Overview and Level Annotations

Branches:
Dungeon (1/15)

Altars:
Okawaru
Beogh


Innate Abilities, Weirdness & Mutations

You have hooves in place of feet.
Armour fits poorly on your strangely shaped body.
You cover ground very quickly.
You have extremely tough skin. (AC +3)


Message History

You shoot a bolt. The bolt hits the leopard gecko!
You kill the leopard gecko!
Firing (i - inventory. (,) - cycle):
d - 17 bolts (quivered)
Press: ? - help, Shift-Dir - straight line, f - goblin
Aim: a goblin, wielding a mace You shoot a bolt.
The bolt closely misses the goblin.
Firing (i - inventory. (,) - cycle):
d - 16 bolts (quivered)
Press: ? - help, Shift-Dir - straight line, f/p - goblin
Aim: a goblin, wielding a mace You shoot a bolt.
The bolt misses the goblin.
Firing (i - inventory. (,) - cycle):
d - 15 bolts (quivered)
Press: ? - help, Shift-Dir - straight line, f/p - goblin
Aim: a goblin, wielding a mace You shoot a bolt.
The bolt closely misses the goblin.
Firing (i - inventory. (,) - cycle):
d - 14 bolts (quivered)
Press: ? - help, Shift-Dir - straight line, f/p - goblin
Aim: a goblin, wielding a mace You shoot a bolt.
The bolt closely misses the goblin.
The goblin hits you with a mace.
You die...

####.....# ..##.....#
.# .........# ###.#
..)......###### #...#
#...†...).....####
#.#..
##....#.#####....#
#.#.# #.##.#.# #....#
#.#.# #.##.#[#
#....#####.#.###.#
#.##.#.#
#...@g.(...(.....#
#.##.#.##
#....#####.#.#####
#....#..#
#.#.##.#...#.# ##
#..#.#..#
#.#....#...#l# #..
#..###..#
#.####.....#.# #...
#....)..#
#..........#g####l..#
#.......#
#####..#...#†..#.....
#########
#..#...###....#..
#......# #...##


You could see a goblin.

Vanquished Creatures
  3 leopard geckos (D:1)
  A giant cockroach (D:1)
  3 goblins (D:1)
  4 hobgoblins (D:1)
  3 bats (D:1)
  A frilled lizard (D:1)
  2 kobolds (D:1)
  4 rats (D:1)
21 creatures vanquished.

Notes
Turn   | Place    | Note
-------+----------+-------------------------------------------
     0 | D:1      | muxecoid the Centaur Hunter began the quest for the Orb.
     0 | D:1      | Reached XP level 1. HP: 17/17 MP: 1/1
   255 | D:1      | Reached XP level 2. HP: 11/24 MP: 2/2
   473 | D:1      | Found a roughly hewn altar of Beogh.
   473 | D:1      | Noticed an orc warrior
   933 | D:1      | Found an iron altar of Okawaru.
   965 | D:1      | Slain by a goblin

Action                   || total
-------------------------++-------
Melee: Short sword       ||    74
       Kick              ||    10
 Fire: Hand crossbow     ||    13
Armor: Leather armour    ||    29
Dodge: Dodged            ||    39
